 Dungeon Crawl Stone Soup version 0.25.0-9-g26727b657a (webtiles) character file.

Game seed: 17783380320063621133

27 Descartes the Sneak (level 2, -8/14 HPs)
             Began as a Felid Wanderer on June 20, 2020.
             Mangled by an iguana (14 damage)
             ... on level 2 of the Dungeon.
             The game lasted 00:02:39 (1963 turns).

Descartes the Sneak (Felid Wanderer)                Turns: 1963, Time: 00:02:40

Health: -8/14      AC:  1    Str: 10    XL:     2   Next: 93%
Magic:  12/12      EV: 16    Int: 14    God:
Gold:   95         SH:  0    Dex: 12    Spells: 0/1 levels left
                                        Lives:  0   Deaths: 0

rFire    . . .     SeeInvis +     - Unarmed
rCold    . . .     Gourm    .   (shield unavailable)
rNeg     . . .     Faith    .   (armour unavailable)
rPois    .         Spirit   .   (helmet unavailable)
rElec    .         Reflect  .   (cloak unavailable)
rCorr    .         Harm     .   (gloves unavailable)
MR       .....                  (boots unavailable)
Stlth    +++.......             (no amulet)
HPRegen  0.04/turn              (no ring)
MPRegen  0.13/turn              h - ring of magical power

@: quick
A: very small, no armour, no weapons or thrown items, stealth, claws 1, fangs 3,
see invisible, carnivore, speed 1, shaggy fur 1, slow metabolism 1, sharp paws
a: no special abilities


You were on level 2 of the Dungeon.
You were completely stuffed.

You visited 1 branch of the dungeon, and saw 2 of its levels.

You collected 95 gold pieces.

Inventory:

Missiles
 a - 51 stones
 e - 7 arrows
Jewellery
 f - an uncursed ring of fire
 h - a ring of magical power (right paw)
Scrolls
 d - a scroll of amnesia {unknown}
 i - a scroll of identify {unknown}
 k - a scroll of teleportation {unknown}
 l - a scroll of fear {unknown}
 m - a scroll of fog {unknown}
Potions
 b - a potion of curing
 g - 2 potions of mutation {unknown}
Comestibles
 c - 3 rations


   Skills:
 + Level 3.1 Fighting
 + Level 1.8 Dodging
 * Level 4.6 Stealth
 * Level 1.2 Unarmed Combat
 + Level 0.3 Spellcasting
 + Level 0.3 Earth Magic
   Level 2.6 Poison Magic


You couldn't memorise any spells.
You knew the following spells:

 Your Spells              Type           Power        Failure   Level  Hunger
a - Sandblast             Erth           #.....       26%         1    ##.....

Your spell library contained the following spells:

 Spells                   Type           Power        Failure   Level  Hunger
 Stone Arrow              Conj/Erth      #.....       63%         3    ####...


Dungeon Overview and Level Annotations

Branches:
Dungeon (2/15)

Altars:


Innate Abilities, Weirdness & Mutations

You cannot wear armour.
You are incapable of wielding weapons or throwing items.
Your paws allow you to move quietly. (Stealth)
You have sharp claws.
You have razor-sharp teeth.
You have supernaturally acute eyesight. (SInv)
You are carnivorous and can eat meat at any time.
You cover ground quickly.
You are covered in fur. (AC +1)
You have a slow metabolism.
Your sharp claws are effective at attacking unaware monsters.


Message History

The bat hits you. The iguana closely misses you.
You are too injured to fight recklessly!
You are too injured to fight recklessly!
You are too injured to fight recklessly!
You are too injured to fight recklessly!
The bat closely misses you.
You barely miss the bat. The bat closely misses you. The bat hits you.
Unknown command.
You scratch the bat but do no damage. You bite the bat.
The bat is heavily wounded.
The bat closely misses you.
You scratch the iguana but do no damage.
The iguana is heavily wounded.
The iguana closely misses you.
You scratch the iguana but do no damage.
You bite the iguana.
The iguana is heavily wounded.
The iguana bites you!
Ouch! That really hurt!
You die...

... ##.. # ## ...
..###. ..
......###.######
..............(.
...!#........b........
#.......#####l##......
#.... #....##@.#######
.... #....(..# ...##
###.###..# ## #..#
##..# $...#
...#####.####..##
#..%. ?.$....#...<..##
#### #......)...####
..####.....#
..........####


You could see an iguana and a bat.

Vanquished Creatures
  A dart slug (D:1)
  A leopard gecko (D:1)
  3 goblins
  4 hobgoblins
  2 jackals (D:1)
  5 kobolds (D:1)
  5 rats
21 creatures vanquished.

Notes
Turn   | Place    | Note
-------+----------+-------------------------------------------
     0 | D:1      | Descartes the Felid Wanderer began the quest for the Orb.
     0 | D:1      | Descartes set off with the following items: a potion of
                  | curing, a ration; and the following spell memorised:
                  | Sandblast; and the following spells available to memorise:
                  | Stone Arrow
     0 | D:1      | Reached XP level 1. HP: 10/10 MP: 2/2
   640 | D:1      | Reached XP level 2. HP: 12/14 MP: 3/3
   944 | D:1      | Reached skill level 1 in Unarmed Combat
  1963 | D:2      | Mangled by an iguana

Illustrated notes

Levels and vault maps discovered:
D:1:      mrwooster_arrival_statue_3, layout_loops_ring
D:2:      layout_rooms, first_ration, bloody_trog, uniq_robin

Skill      XL: |  1  2 |
---------------+-------+-----
Unarmed Combat | 1 |  1.2
Fighting       | |  3.1
Dodging        | |  1.8
Stealth        | |  4.6
Spellcasting   | |  0.3
Earth Magic    | |  0.3
Poison Magic   | |  2.6

Action                   || total
-------------------------++-------
Melee: Unarmed           ||    68
       Bite              ||     5
 Stab: Sleeping          ||     1
  Eat: Chunk             ||     9
Armor: Skin              ||     1
Dodge: Dodged            ||    40
